 Dungeon Crawl Stone Soup version 0.26-a0-52-gd53d4cd (webtiles) character file.

Game seed: 17403924136768190716

16757 thirtiethelement the Blocker (level 12, -5/87 HPs)
             Began as a Gnoll Fighter on June 7, 2020.
             Was the Champion of Okawaru.
             Slain by an orc knight
             ... wielding a cursed -3 battleaxe
              (12 damage)
             ... on level 2 of the Orcish Mines.
             The game lasted 00:29:46 (12505 turns).

thirtiethelement the Blocker (Gnoll Fighter)       Turns: 12505, Time: 00:29:46

Health: -5/87      AC: 32    Str: 22    XL:     12   Next: 40%
Magic:  20/22      EV: 17    Int: 16    God:    Okawaru [******]
Gold:   415        SH:  8    Dex: 19    Spells: 25/25 levels left

rFire    . . .     SeeInvis .   D - +6 war axe (vamp)
rCold    + . .     Gourm    .   k - +0 buckler
rNeg     . . .     Faith    +   h - +8 chain mail of the Old World {Int+6 Dex+4}
rPois    .         Spirit   .   (no helmet)
rElec    .         Reflect  .   l - +2 cloak
rCorr    .         Harm     .   (no gloves)
MR       .....                  q - +2 pair of boots
Stlth    ++........             F - amulet of faith
HPRegen  0.24/turn              v - +4 ring of slaying (curse)
MPRegen  0.18/turn              y - ring of protection from cold

@: heroism
A: distributed training, fangs 1, icy blue scales 1, slimy green scales 1, frail
1, weak 1, strong nose
a: Heroism, Finesse, Renounce Religion


You were on level 2 of the Orcish Mines.
You worshipped Okawaru.
Okawaru was exalted by your worship.
You were hungry.

You visited 4 branches of the dungeon, and saw 15 of its levels.
You also visited: Sewer.

You collected 974 gold pieces.
You spent 559 gold pieces at shops.

Inventory:

Hand Weapons
 a - a +1 war axe
 D - a +6 vampiric war axe (weapon)
Missiles
 g - 14 boomerangs (quivered)
Armour
 c - a +0 kite shield
 h - the +8 chain mail of the Old World (worn) {Int+6 Dex+4}
   (You found it on level 4 of the Dungeon)

   It affects your intelligence (+6).
   It affects your dexterity (+4).
 k - a +0 buckler (worn)
 l - a +2 cloak (worn)
 q - a +2 pair of boots (worn)
 E - the +2 plate armour "Seexom" {Int+4}
   (You found it on level 8 of the Dungeon)

   It affects your intelligence (+4).
Jewellery
 v - a cursed +4 ring of slaying (left hand)
 y - a ring of protection from cold (right hand)
 A - an uncursed ring of ice
 F - an amulet of faith (around neck)
 I - an uncursed ring of positive energy
Wands
 i - a wand of flame (17)
 C - a wand of random effects (8)
Scrolls
 e - 8 scrolls of remove curse
 n - 2 scrolls of teleportation
 t - 2 scrolls of enchant armour
 w - 9 scrolls of identify
 z - 2 scrolls of amnesia
 B - a scroll of fog
Potions
 b - a potion of haste
 d - 3 potions of might
 j - 4 potions of flight
 m - a potion of magic
 r - 4 potions of curing
 s - 3 potions of stabbing
 u - 3 potions of lignification
 x - a potion of berserk rage
 G - a potion of resistance
 H - a potion of cancellation
 J - a potion of invisibility {unknown}
Comestibles
 f - 24 rations
 o - 2 chunks of flesh


   Skills:
 + Level 9.7(14.7) Fighting
 + Level 7.1(12.1) Short Blades
 + Level 7.1(12.1) Long Blades
 + Level 8.5(13.5) Axes
 + Level 7.1(12.1) Maces & Flails
 + Level 7.1(12.1) Polearms
 + Level 7.1(12.1) Staves
 + Level 7.1(12.1) Slings
 + Level 7.1(12.1) Bows
 + Level 7.1(12.1) Crossbows
 + Level 7.1(12.1) Throwing
 + Level 9.7(14.7) Armour
 + Level 7.1(12.1) Dodging
 + Level 7.1(12.1) Stealth
 + Level 9.7(14.7) Shields
 + Level 7.1(12.1) Unarmed Combat
 + Level 7.1 Spellcasting
 + Level 5.9 Conjurations
 + Level 5.9 Hexes
 + Level 5.9 Charms
 + Level 5.9 Summonings
 + Level 5.9 Necromancy
 + Level 5.9 Translocations
 + Level 5.9 Transmutations
 + Level 5.9 Fire Magic
 + Level 5.9 Ice Magic
 + Level 5.9 Air Magic
 + Level 5.9 Earth Magic
 + Level 5.9 Poison Magic
 + Level 7.8 Invocations
 + Level 7.1 Evocations


You had 25 spell levels left.
You didn't know any spells.
Your spell library contained the following spells:

 Spells                   Type           Power        Failure   Level  Hunger
 Corona                   Hex            ###....      4%          1    None
 Ensorcelled Hibernation  Hex/Ice        ###...       8%          2    None
 Confusing Touch          Hex            ###.....     16%         3    ##.....
 Dazzling Flash           Conj/Hex       ###...       16%         3    ##.....
 Tukima's Dance           Hex            ###.....     16%         3    ##.....


Dungeon Overview and Level Annotations

Branches:
Dungeon (11/15)            Temple (1/1) D:5            Lair (1/6) D:8
    Orc (2/2) D:11            Elf (0/3) Orc:2         Sewer (visited)

Altars:
Ashenzari
Fedhas
Gozag
Makhleb
Nemelex Xobeh
Okawaru
Qazlal
Ru
Sif Muna
Uskayaw
Wu Jian
Xom
The Shining One
Beogh

Shops:
D:9 *   Orc:2 ?


Innate Abilities, Weirdness & Mutations

Your experience applies equally to all skills.
You have very sharp teeth.
Your uncanny sense of smell can sniff out nearby items.
You are partially covered in icy blue scales. (AC +2)
You are partially covered in slimy green scales. (AC +2)
You are frail. (-10% HP)
You are weak. (Str -2)


Message History

You closely miss the orc knight. You block the orc warrior's attack.
The orc warrior hits you from afar with a +0 trident.
* * * LOW HITPOINT WARNING * * *
You block the orc priest's attack.
The orc knight hits you but does no damage.
You feel much better. The orc warrior barely misses you.
The orc priest barely misses you. The orc warrior closely misses you.
You gain the combat prowess of a mighty hero.
The orc knight roars a battlecry!
The orc priest goes into a battle-frenzy!
The orc warrior hits you from afar with a +0 trident!
* * * LOW HITPOINT WARNING * * *
The orc priest invokes the aid of Beogh against you.
Beogh smites you!
* * * LOW HITPOINT WARNING * * *
The orc warrior hits you with a +0 morningstar!
* * * LOW HITPOINT WARNING * * *
You feel better.
The orc knight hits you with a cursed -3 battleaxe!
You die...

.#.# #...###..#############. .#.#
##..#.#### #.........#. .#.###
#.....# #..#####..#. ##...##
#####)######.##...##.## #.....#
#...)).....#.#.....#..# .....##
####...#####...#._...).)†
.....####......#...#...#.....#...
.)...##......)o#o.8#...##...##...
...)..#....)(.oo@).#....#####....
##..........)#)#####...... ......
#...........##.........###.#.....
##....)....###.........#.###.....
.#..........#...........##......#
.......##.........##............
.......####.....#####...........
...##### ##.....## ##........#
.....# ##.......# ####.....##


You could see an orc knight, 2 orc warriors and an orc priest (strong).

Vanquished Creatures
  2 hydras
  3 two-headed ogres
  An orc high priest (Orc:2)
  An unseen horror (D:11)
  2 orc sorcerers (Orc:2)
  A centaur zombie (D:10)
  A troll (Orc:2)
  A slime creature (D:8)
  3 hippogriffs
  Eustachio (D:5)
  A human (D:9)
  10 yaks
  A wyvern (D:9)
  A hungry ghost (D:11)
  3 hogs (D:9)
  A steam dragon (D:11)
  5 wargs
  Edmund (D:6)
  Duvessa (D:6)
  A hornet zombie (D:9)
  2 sky beasts
  18 orc warriors
  3 phantoms (D:9)
  5 ice beasts
  An eye of draining (D:9)
  4 ogres
  2 centaurs
  A crocodile (Sewer)
  5 big kobolds
  6 bullfrogs
  A water moccasin zombie (D:10)
  A wyvern skeleton (D:7)
  3 scorpions
  Dowan (D:6)
  5 killer bees (D:10)
  4 wights (D:11)
  A howler monkey (D:10)
  4 crimson imps
  2 bullfrog zombies
  2 quasits
  3 hounds
  A bullfrog skeleton (D:11)
  10 orc priests
  4 centaur skeletons
  5 jellies (D:8)
  4 iguanas
  14 orc wizards
  7 worker ants
  A killer bee zombie (D:9)
  2 hound skeletons (D:9)
  2 worker ant zombies
  3 gnolls (D:8)
  11 adders
  4 shadow imps
  2 oozes (D:8)
  4 adder skeletons
  2 worms
  A dart slug (D:3)
  11 leopard geckos
  52 orcs
  11 bats
  9 giant cockroaches
  5 goblins
  7 hobgoblins
  10 jackals
  4 quokkas
  5 ball pythons
  6 frilled lizards
  A jackal skeleton (D:5)
  11 kobolds
  2 leopard gecko skeletons
  2 leopard gecko zombies
  8 rats
336 creatures vanquished.

Vanquished Creatures (others)
  9 toadstools (D:8)
9 creatures vanquished.

Grand Total: 345 creatures vanquished

Notes
Turn   | Place    | Note
-------+----------+-------------------------------------------
     0 | D:1      | thirtiethelement the Gnoll Fighter began the quest for the
                  | Orb.
     0 | D:1      | Reached XP level 1. HP: 23/23 MP: 1/1
   139 | D:1      | Reached XP level 2. HP: 27/29 MP: 2/2
   633 | D:1      | Reached XP level 3. HP: 35/35 MP: 3/3
  1262 | D:2      | Reached skill level 1 in Invocations
  1738 | D:3      | Reached skill level 1 in Short Blades
  1738 | D:3      | Reached skill level 1 in Long Blades
  1738 | D:3      | Reached skill level 1 in Maces & Flails
  1738 | D:3      | Reached skill level 1 in Polearms
  1738 | D:3      | Reached skill level 1 in Staves
  1738 | D:3      | Reached skill level 1 in Slings
  1738 | D:3      | Reached skill level 1 in Bows
  1738 | D:3      | Reached skill level 1 in Crossbows
  1738 | D:3      | Reached skill level 1 in Throwing
  1738 | D:3      | Reached skill level 1 in Dodging
  1738 | D:3      | Reached skill level 1 in Stealth
  1738 | D:3      | Reached skill level 1 in Unarmed Combat
  1738 | D:3      | Reached skill level 1 in Spellcasting
  1738 | D:3      | Reached skill level 1 in Evocations
  1779 | D:3      | Reached XP level 4. HP: 41/41 MP: 5/5
  1926 | D:3      | Reached skill level 1 in Conjurations
  1926 | D:3      | Reached skill level 1 in Hexes
  1926 | D:3      | Reached skill level 1 in Charms
  1926 | D:3      | Reached skill level 1 in Summonings
  1926 | D:3      | Reached skill level 1 in Necromancy
  1926 | D:3      | Reached skill level 1 in Translocations
  1926 | D:3      | Reached skill level 1 in Transmutations
  1926 | D:3      | Reached skill level 1 in Fire Magic
  1926 | D:3      | Reached skill level 1 in Ice Magic
  1926 | D:3      | Reached skill level 1 in Air Magic
  1926 | D:3      | Reached skill level 1 in Earth Magic
  1926 | D:3      | Reached skill level 1 in Poison Magic
  2222 | D:4      | Got a smelly chain mail
  2233 | D:4      | Identified the +8 chain mail of the Old World {Int+6 Dex+4}
                  | (You found it on level 4 of the Dungeon)
  2272 | D:4      | Noticed an ogre
  2274 | D:4      | Reached XP level 5. HP: 28/47 MP: 5/7
  2274 | D:4      | Noticed a big kobold
  2287 | D:4      | Killed an ogre
  2287 | D:4      | Reached XP level 6. HP: 15/53 MP: 6/8
  2298 | D:4      | Reached skill level 5 in Axes
  2680 | D:4      | Reached XP level 7. HP: 59/59 MP: 10/10
  2766 | D:4      | HP: 3/60 [orc priest/divine providence (9)]
  3224 | D:5      | Entered Level 5 of the Dungeon
  3374 | D:5      | Found a staircase to the Ecumenical Temple.
  3384 | Temple   | Entered the Ecumenical Temple
  3413 | Temple   | Became a worshipper of Warmaster Okawaru
  3628 | D:5      | Noticed Eustachio
  3638 | D:5      | Killed Eustachio
  3638 | D:5      | Reached XP level 8. HP: 67/67 MP: 10/12
  3671 | D:5      | Found a glowing drain.
  3675 | Sewer    | Entered a sewer
  4014 | D:6      | Noticed Dowan
  4015 | D:6      | Noticed Duvessa
  4018 | D:6      | Killed Dowan
  4028 | D:6      | Killed Duvessa
  4028 | D:6      | Reached * piety under Okawaru
  4290 | D:6      | Noticed Edmund
  4304 | D:6      | Killed Edmund
  4321 | D:6      | Found an opulent altar of Gozag.
  4397 | D:6      | Reached XP level 9. HP: 72/72 MP: 14/14
  4747 | D:7      | Gained mutation: Armour fits poorly on your strangely
                  | shaped body. [potion of mutation]
  4747 | D:7      | Gained mutation: You have an increased reservoir of magic.
                  | (+10% MP) [potion of mutation]
  4747 | D:7      | Gained mutation: You can translocate small distances at
                  | will. [potion of mutation]
  4747 | D:7      | Gained mutation: You are partially covered in icy blue
                  | scales. (AC +2) [potion of mutation]
  4748 | D:7      | Lost mutation: You have an increased reservoir of magic.
                  | (+10% MP) [potion of mutation]
  4748 | D:7      | Lost mutation: You can translocate small distances at will.
                  | [potion of mutation]
  4748 | D:7      | Lost mutation: Armour fits poorly on your strangely shaped
                  | body. [potion of mutation]
  4748 | D:7      | Gained mutation: You are frail. (-10% HP) [potion of
                  | mutation]
  4748 | D:7      | Gained mutation: You are weak. (Str -2) [potion of
                  | mutation]
  4748 | D:7      | Gained mutation: You are partially covered in slimy green
                  | scales. (AC +2) [potion of mutation]
  4767 | D:7      | Reached ** piety under Okawaru
  5555 | D:8      | Found a staircase to the Lair.
  5817 | D:8      | Reached skill level 5 in Invocations
  5920 | D:8      | Identified the +2 plate armour "Seexom" {Int+4} (You found
                  | it on level 8 of the Dungeon)
  6110 | D:8      | Reached *** piety under Okawaru
  6111 | D:8      | Reached XP level 10. HP: 65/72 MP: 15/17
  6211 | D:8      | Received a gift from Okawaru
  6467 | D:9      | Reached skill level 5 in Short Blades
  6467 | D:9      | Reached skill level 5 in Long Blades
  6467 | D:9      | Reached skill level 5 in Maces & Flails
  6467 | D:9      | Reached skill level 5 in Polearms
  6467 | D:9      | Reached skill level 5 in Staves
  6467 | D:9      | Reached skill level 5 in Slings
  6467 | D:9      | Reached skill level 5 in Bows
  6467 | D:9      | Reached skill level 5 in Crossbows
  6467 | D:9      | Reached skill level 5 in Throwing
  6467 | D:9      | Reached skill level 5 in Dodging
  6467 | D:9      | Reached skill level 5 in Stealth
  6467 | D:9      | Reached skill level 5 in Unarmed Combat
  6467 | D:9      | Reached skill level 5 in Spellcasting
  6467 | D:9      | Reached skill level 5 in Evocations
  6690 | D:9      | Reached **** piety under Okawaru
  6954 | D:9      | Found Cargh's Assorted Antiques.
  6959 | D:9      | Bought 2 yellow potions for 43 gold pieces
  6959 | D:9      | Bought a scroll of enchant armour for 180 gold pieces
  7029 | D:9      | Noticed a two-headed ogre
  7044 | D:9      | Killed a two-headed ogre
  7044 | D:9      | Reached ***** piety under Okawaru
  7278 | D:9      | Received a gift from Okawaru
  7372 | D:9      | Reached XP level 11. HP: 72/78 MP: 19/19
  7470 | D:9      | Received a gift from Okawaru
  7641 | D:10     | Entered Level 10 of the Dungeon
  7805 | D:10     | Noticed a two-headed ogre
  7813 | D:10     | Reached skill level 5 in Conjurations
  7813 | D:10     | Reached skill level 5 in Hexes
  7813 | D:10     | Reached skill level 5 in Charms
  7813 | D:10     | Reached skill level 5 in Summonings
  7813 | D:10     | Reached skill level 5 in Necromancy
  7813 | D:10     | Reached skill level 5 in Translocations
  7813 | D:10     | Reached skill level 5 in Transmutations
  7813 | D:10     | Reached skill level 5 in Fire Magic
  7813 | D:10     | Reached skill level 5 in Ice Magic
  7813 | D:10     | Reached skill level 5 in Air Magic
  7813 | D:10     | Reached skill level 5 in Earth Magic
  7813 | D:10     | Reached skill level 5 in Poison Magic
  7821 | D:10     | Killed a two-headed ogre
  7821 | D:10     | Received a gift from Okawaru
  8327 | D:11     | Found a staircase to the Orcish Mines.
  8328 | D:11     | Noticed a four-headed hydra
  8346 | D:10     | Received a gift from Okawaru
  8505 | D:10     | Killed a five-headed hydra
  8515 | D:10     | Reached ****** piety under Okawaru
  8706 | D:11     | Received a gift from Okawaru
  9107 | D:11     | Noticed a two-headed ogre
  9116 | D:11     | Killed a two-headed ogre
  9219 | D:11     | Noticed a seven-headed hydra
  9240 | D:11     | Killed a 17-headed hydra
  9563 | D:11     | Killed an unseen horror
  9737 | D:11     | Reached XP level 12. HP: 78/86 MP: 22/22
  9976 | Lair:1   | Entered Level 1 of the Lair of Beasts
 10027 | Orc:1    | Entered Level 1 of the Orcish Mines
 10155 | Orc:2    | Entered Level 2 of the Orcish Mines
 10156 | Orc:2    | Noticed an orc warlord
 10171 | Orc:1    | HP: 2/86 [orc warrior/+0 war axe (5)]
 11635 | Orc:2    | Found a staircase to the Elven Halls.
 11850 | Orc:2    | Found a roughly hewn altar of Beogh.
 11917 | Orc:2    | Received a gift from Okawaru
 12067 | Orc:2    | Noticed an orc high priest
 12094 | Orc:2    | Killed an orc high priest
 12282 | Orc:2    | Found a roughly hewn altar of Beogh.
 12283 | Orc:2    | Found Vasmuib's Magic Scroll Shop.
 12293 | Orc:2    | Bought a scroll of enchant armour for 112 gold pieces
 12293 | Orc:2    | Bought a scroll of enchant armour for 112 gold pieces
 12293 | Orc:2    | Bought a scroll of blinking for 112 gold pieces
 12408 | Orc:2    | Found a roughly hewn altar of Beogh.
 12435 | Orc:2    | Received a gift from Okawaru
 12441 | Orc:2    | Noticed an orc warlord
 12486 | Orc:2    | Paralysed by an orc sorcerer for 5 turns
 12504 | Orc:2    | HP: 1/87 [orc warrior/+0 morningstar[an orc warlord] (10)]
 12505 | Orc:2    | Slain by an orc knight

Illustrated notes

Levels and vault maps discovered:
D:1:      wheals_arrival_linesprint, layout_loops_ring
D:2:      layout_basic
D:3:      layout_rooms
D:4:      layout_rooms
D:5:      layout_rooms, minmay_temple_entry_large_hall, portal_sewer_entry_e,
          first_ration, uniq_eustachio
D:6:      layout_basic, lemuel_doored_altar, uniq_duvessa, uniq_edmund
D:7:      layout_basic, roderic_roman_lattice
D:8:      cheibrodos_fertilizer, layout_basic, lair_entry_dummy
D:9:      layout_roguey, serial_shops, kennysheep_little_box, grunt_livestock
D:10:     layout_rooms
D:11:     layout_gridville, minmay_orc_entry_guard_dogs
Temple:   compressed_dpeg_circular_temple
Lair:1:   layout_loops_ring, grunt_megastairs_5, lemuel_fruit_fields
Orc:1:    layout_caves, uniq_snorg
Orc:2:    grunt_orc_community_town_hall, layout_diamond_mine,
          grunt_orc_community_big_house_1, grunt_orc_community_big_house_1,
          grunt_orc_community_house_3, grunt_orc_community_house_1,
          grunt_orc_community_house_1, grunt_orc_community_house_2,
          grunt_orc_community_house_3, grunt_orc_community_house_3

Skill      XL: |  1  2  3  4  5  6  7  8  9 10 11 12 |
---------------+-------------------------------------+-----
Invocations    | 1 2 3 4 5 6 7 |  7.8
Short Blades   | 1 2 3 4 5 6 7 |  7.1
Long Blades    | 1 2 3 4 5 6 7 |  7.1
Maces & Flails | 1 2 3 4 5 6 7 |  7.1
Polearms       | 1 2 3 4 5 6 7 |  7.1
Staves         | 1 2 3 4 5 6 7 |  7.1
Slings         | 1 2 3 4 5 6 7 |  7.1
Bows           | 1 2 3 4 5 6 7 |  7.1
Crossbows      | 1 2 3 4 5 6 7 |  7.1
Throwing       | 1 2 3 4 5 6 7 |  7.1
Dodging        | 1 2 3 4 5 6 7 |  7.1
Stealth        | 1 2 3 4 5 6 7 |  7.1
Unarmed Combat | 1 2 3 4 5 6 7 |  7.1
Spellcasting   | 1 2 3 4 5 6 7 |  7.1
Evocations     | 1 2 3 4 5 6 7 |  7.1
Conjurations   | 1 2 3 4 5 |  5.9
Hexes          | 1 2 3 4 5 |  5.9
Charms         | 1 2 3 4 5 |  5.9
Summonings     | 1 2 3 4 5 |  5.9
Necromancy     | 1 2 3 4 5 |  5.9
Translocations | 1 2 3 4 5 |  5.9
Transmutations | 1 2 3 4 5 |  5.9
Fire Magic     | 1 2 3 4 5 |  5.9
Ice Magic      | 1 2 3 4 5 |  5.9
Air Magic      | 1 2 3 4 5 |  5.9
Earth Magic    | 1 2 3 4 5 |  5.9
Poison Magic   | 1 2 3 4 5 |  5.9
Axes           | 5 6 7 8 |  8.5
Fighting       | 7 8 9 |  9.7
Armour         | 7 8 9 |  9.7
Shields        | 7 8 9 |  9.7

Action                   |  1- 3 |  4- 6 |  7- 9 | 10-12 || total
-------------------------+-------+-------+-------+-------++-------
Melee: War axe           |    92 |    83 |   255 |   553 ||   983
       Bite              |     5 |    10 |    39 |   104 ||   158
Throw: Boomerang         |    15 |    45 |    40 |    71 ||   171
Invok: Heroism           |       |       |       |     3 ||     3
       Finesse           |       |       |       |     1 ||     1
Evoke: Wand              |       |     2 |     1 |    28 ||    31
  Use: Scroll            |     8 |     1 |    15 |    11 ||    35
       Potion            |       |       |     3 |     3 ||     6
 Stab: Paralysed         |       |     4 |     3 |    10 ||    17
  Eat: Chunk             |     3 |     3 |     4 |    12 ||    22
       Ration            |       |       |     2 |     4 ||     6
Armor: Scale mail        |    28 |    10 |       |       ||    38
       Chain mail        |       |    27 |   136 |   407 ||   570
Dodge: Dodged            |    29 |    31 |   129 |   318 ||   507
Block: Kite shield       |    29 |       |       |       ||    29
       Buckler           |    21 |    21 |    87 |   247 ||   376

Table legend:
 A = Non-vault XP
 B = Vault XP
 C = Vault XP percentage of total XP
 D = Non-vault monster count
 E = Vault monster count
 F = Vault count percentage of total count
                 A         B        C        D         E       F
            +---------+---------+-------+---------+---------+-------
      Total |   18063 |    5876 |  24.5 |     259 |      77 |  22.9
            +---------+---------+-------+---------+---------+-------
        D:1 |      36 |       0 |   0.0 |      21 |       0 |   0.0
        D:2 |      21 |       0 |   0.0 |      10 |       0 |   0.0
        D:3 |      79 |       0 |   0.0 |      31 |       0 |   0.0
        D:4 |     727 |       0 |   0.0 |      24 |       0 |   0.0
        D:5 |     209 |     221 |  51.4 |      12 |       9 |  42.9
        D:6 |     655 |     370 |  36.1 |      18 |       3 |  14.3
        D:7 |    1167 |       0 |   0.0 |      15 |       0 |   0.0
        D:8 |     728 |     888 |  55.0 |      16 |      16 |  50.0
        D:9 |    4006 |     968 |  19.5 |      36 |       5 |  12.2
       D:10 |    3294 |     319 |   8.8 |      21 |       2 |   8.7
       D:11 |    4513 |     166 |   3.5 |      20 |       1 |   4.8
     Temple |      11 |       0 |   0.0 |       1 |       0 |   0.0
      Orc:1 |     266 |       0 |   0.0 |       2 |       0 |   0.0
      Orc:2 |    2351 |    2830 |  54.6 |      32 |      35 |  52.2
      Sewer |       0 |     114 | 100.0 |       0 |       6 | 100.0
            +---------+---------+-------+---------+---------+-------
